Cogmind - Beta 13 X1 @@@ ROGUE MODE // 2023.12.16 @ 17:59:18 Player: VR-DUX Result: Destroyed by D-53 Grenadier with Mini Grenade Launcher Performance ------------- Evolutions (0) 0 Regions Visited (2) 400 Robots Destroyed (28) 140 Value Destroyed (500) 500 Prototype IDs (0) 0 Alien Tech Used (0) 0 Bonus (0) 0 TOTAL SCORE: 1040 Bonus ------- None Cogmind --------- Core Integrity 0/250 Matter 300/300 Energy 100/100 System Corruption 0% Temperature Cool (39) Movement Core (700) Ox13 Location -10/Mines Parts ------- > --- POWER (1) -------- (None) > --- PROPULSION (2) --- (None) > --- UTILITY (2) ------ Heat Sink High-capacity Storage Unit > --- WEAPON (2) ------- (None) > --- INVENTORY (20) --- Compact Wheel Flight Unit Heat Sink Medium Storage Unit Large Storage Unit Large Storage Unit Structural Scanner Signal Interpreter Signal Interpreter Heavy EM Pulse Gun Heavy EM Pulse Gun Light Assault Rifle Light Cannon Grenade Launcher Grenade Launcher Grenade Launcher Datajack Flail Peak State ------------ > --- POWER ------------ Light Ion Engine > --- PROPULSION ------- Light Treads Light Treads > --- UTILITY ---------- Heat Sink High-capacity Storage Unit > --- WEAPON ----------- Heavy EM Pulse Gun Heavy EM Pulse Gun > --- INVENTORY -------- Compact Wheel Flight Unit Medium Storage Unit Large Storage Unit Large Storage Unit Structural Scanner Signal Interpreter Signal Interpreter Heavy EM Pulse Gun Heavy EM Pulse Gun Light Assault Rifle Light Cannon Grenade Launcher Grenade Launcher Grenade Launcher Datajack Flail [Rating: 11] Favorites ----------- Power Light Ion Engine Engine Light Ion Engine Propulsion Light Treads Treads Light Treads Leg Aluminum Leg Utility Large Storage Unit Device Heat Sink Storage Large Storage Unit Processor Transport Network Coupler Weapon Light Assault Rifle Energy Gun Medium Laser Ballistic Gun Light Assault Rifle Launcher Grenade Launcher Build | -11 -10 -10 ------- Run | Jun Mat Min Slots Evolved . | . . . Power . | . . . Propulsion . | . . . Utility . | . . . Weapon . | . . . Parts Attached 22 | . 18 4 Power 3 | . 3 . Engine 3 | . 3 . Core . | . . . Reactor . | . . . Propulsion 2 | . 2 . Treads 2 | . 2 . Leg . | . . . Wheel . | . . . Hover . | . . . Flight . | . . . Utility 7 | . 5 2 Device 3 | . 3 . Storage 3 | . 1 2 Processor 1 | . 1 . Hackware . | . . . Protection . | . . . Artifact . | . . . Weapon 10 | . 8 2 Energy Gun 6 | . 5 1 Energy Cannon . | . . . Ballistic Gun 2 | . 2 . Ballistic Cannon . | . . . Launcher 2 | . 1 1 Special Weapon . | . . . Impact Weapon . | . . . Slashing Weapon . | . . . Piercing Weapon . | . . . Special Melee Weapon . | . . . Unidentified Prototypes . | . . . Parts Lost 10 | . 5 5 Power 3 | . 2 1 Propulsion 3 | . 1 2 Utility . | . . . Weapon 4 | . 2 2 Highest Loss Streak 5 | . 4 5 To Critical Strikes . | . . . Average Slot Usage (%) 98 | . 98 98 Engine 13 | . 13 13 Treads 15 | . 12 28 Leg 12 | . 15 . Device 8 | . 6 14 Storage 14 | . 14 14 Processor 5 | . 6 . Energy Gun 15 | . 12 25 Ballistic Gun 9 | . 12 . Launcher 2 | . 2 1 Naked Turns . | . . . Heaviest Build 50 | 11 30 50 Greatest Support 40 | 20 40 40 Greatest Overweight (x) 1 | . 1 1 Average Overweight (x) . | . . . Largest Inventory Capacity 20 | 8 15 20 Average Capacity 15 | 8 14 19 Most Carried 18 | 6 15 18 Average Carried 12 | 5 11 16 Final Capacity 20 | 8 15 20 Final Carried 18 | 5 15 18 Class Distribution -------------------- 100% | Mutant Dominant Class ---------------- Mutant | -10/Materials Mutant | -10/Mines Resources | -11 -10 -10 ----------- Run | Jun Mat Min Matter Collected 611 | 209 362 40 Remotely . | . . . Salvage Created 864 | 100 629 135 Parts 66 | 7 51 8 Haulers Intercepted 2 | . 2 . Recyclers Shooed 1 | 1 . . Parts Field Recycled . | . . . Retrieved Matter . | . . . Parts Self-Destructed . | . . . Prevented . | . . . Kills | -11 -10 -10 ------- Run | Jun Mat Min Combat Hostiles Destroyed 14 | . 10 4 Guns 14 | . 10 4 Classes Destroyed 9 | 2 7 . Worker 4 | . 4 . Builder 2 | . 2 . Tunneler 1 | 1 . . Hauler 2 | . 2 . Recycler 1 | 1 . . Operator 1 | . 1 . Watcher 3 | . 3 . Swarmer 5 | . 3 2 Grunt 9 | . 7 2 Best Kill Streak 5 | 2 5 2 Combat Bots Only 5 | . 5 2 Max Kills in Single Turn 2 | 1 2 2 Gunslinging 1 | . 1 1 Exploded . | . . . Melee . | . . . Uniques/NPCs Destroyed . | . . . Combat | -11 -10 -10 -------- Run | Jun Mat Min Damage Taken 1330 | . 885 445 Core 258 | . 164 94 Absorbed by Shields . | . . . Core Remaining (%) 100 | 100 . . Volleys Fired 101 | 9 83 9 Largest 2 | 2 2 2 Hottest 90 | 70 80 90 Shots Fired 187 | 18 152 17 Gun 179 | 18 144 17 Cannon . | . . . Launcher 8 | . 8 . Special . | . . . Kinetic 74 | 9 65 . Thermal 71 | 9 62 . Explosive 8 | . 8 . Electromagnetic 34 | . 17 17 Robot Hit Streak 27 | 3 27 5 Robot Miss Streak 4 | 2 4 2 Penetration Max . | . . . Secondary Targets 4 | . 3 1 Max Gunslinging Chain 1 | . 1 1 Shots Hit Robots 109 | 9 89 11 Core Hits 51 | 3 43 5 Critical Kills . | . . . Critical Parts Destroyed . | . . . Critical Strikes 3 | 1 2 . Burn 3 | 1 2 . Melee Attacks . | . . . Impact . | . . . Slashing . | . . . Piercing . | . . . Sneak Attacks . | . . . Combat Hostiles . | . . . Follow-up Attacks . | . . . Damage Inflicted 1553 | 95 1263 195 Guns 1308 | 95 1018 195 Cannons . | . . . Explosions 245 | . 245 . Melee . | . . . Ramming . | . . . Kinetic 338 | 20 318 . Thermal 664 | 75 589 . Explosive 128 | . 128 . Electromagnetic 423 | . 228 195 Impact . | . . . Slashing . | . . . Piercing . | . . . Highest Corruption . | . . . Average Corruption . | . . . Corruption Purged . | . . . Corruption Blocked . | . . . Overload Shots . | . . . Overflow Damage 2 | . 2 . Projectiles . | . . . Explosions 2 | . 2 . Melee . | . . . Knockbacks . | . . . Impact . | . . . Kinetic . | . . . Secondary . | . . . Self-Inflicted Damage . | . . . Shots . | . . . Rammed . | . . . Targets Rammed . | . . . Kicked . | . . . Crushed . | . . . Highest Temperature 350 | 70 350 51 Average Temperature 69 | 31 75 32 Received Heat Transfer 558 | . 462 96 Effects 2 | . 2 . Shutdowns 1 | . 1 . Short Circuit 1 | . 1 . Siege Activations . | . . . Robots Corrupted . | . . . Combat Hostiles . | . . . Parts Fried 3 | . 3 . Impact Corruptions . | . . . Robots Melted . | . . . Combat Hostiles . | . . . Parts Melted 2 | . 2 . Heat Transferred 1926 | 296 1630 . Parts Sabotaged . | . . . Parts Stolen . | . . . Parts Stripped . | . . . Power Chain Reactions 1 | . 1 . Missiles Intercepted . | . . . Alert | -11 -10 -10 ------- Run | Jun Mat Min Peak Influence 279 | 10 279 170 Initial 80 | . 6 80 Average 102 | 4 97 136 Maximum Alert Level 1 | . 1 . Low Security (%) 87 | 100 83 100 Level 1 12 | . 16 . Level 2 . | . . . Level 3 . | . . . Level 4 . | . . . Level 5 . | . . . High Security . | . . . Max Security . | . . . Squads Dispatched 3 | . 2 1 Investigation . | . . . Extermination . | . . . Reinforcement 2 | . 2 . Assault 1 | . . 1 Garrison . | . . . Intercept . | . . . Searches Triggered . | . . . Construction Impeded . | . . . Haulers Reinforced . | . . . Active Scanning Responses . | . . . Cargo Convoy Interrupts . | . . . Stealth | -11 -10 -10 --------- Run | Jun Mat Min Distress Signals . | . . . Communications Jammed . | . . . Distress Signals . | . . . Times Spotted 37 | . 26 11 Peak Tracking Total 4 | . 4 3 Tactical Retreats . | . . . Traps | -11 -10 -10 ------- Run | Jun Mat Min Traps Triggered . | . . . Indirectly . | . . . Trap Hack Attempts . | . . . Triggered . | . . . Disarmed . | . . . Reprogrammed . | . . . Reused . | . . . Traps Extracted . | . . . Installed . | . . . Triggered . | . . . Machines | -11 -10 -10 ---------- Run | Jun Mat Min Machines Disabled 1 | . 1 . Max in Single Turn 1 | . 1 . Machines Repaired . | . . . Machines Sabotaged . | . . . Overloaded Fab Kills . | . . . Hacking | -11 -10 -10 --------- Run | Jun Mat Min Machines Accessed 9 | . 9 . Terminals 7 | . 7 . Fabricators . | . . . Repair Stations . | . . . Recycling Units 2 | . 2 . Scanalyzers . | . . . Garrison Access . | . . . Total Hacks 21 | . 21 . Successful 5 | . 5 . Failed 15 | . 15 . Catastrophic 2 | . 2 . Database Lockouts 1 | . 1 . Manual 15 | . 15 . Terminals 18 | . 18 . Fabricators . | . . . Repair Stations . | . . . Recycling Units 3 | . 3 . Scanalyzers . | . . . Garrison Access . | . . . Terminal Hacks 5 | . 5 . Record 1 | . 1 . Robot Analysis 2 | . 2 . Locate Traps 2 | . 2 . Fabricator Hacks . | . . . Repair Station Hacks . | . . . Recycling Unit Hacks . | . . . Scanalyzer . | . . . Garrison Access Hacks . | . . . Unauthorized Hacks . | . . . Terminals . | . . . Fabricators . | . . . Repair Stations . | . . . Recycling Units . | . . . Scanalyzers . | . . . Garrison Access . | . . . Data Cores Recovered . | . . . Used . | . . . Hacking Detections 9 | . 9 . Full Trace Events . | . . . Feedback Events . | . . . Feedback Blocked . | . . . Robot Schematics Acquired . | . . . Robots Built . | . . . Authchips . | . . . Time . | . . . Total Robot Build Rating . | . . . Part Schematics Acquired . | . . . Parts Built . | . . . Authchips . | . . . Time . | . . . Total Part Build Rating . | . . . Parts Repaired . | . . . Time . | . . . Parts Recycled . | . . . Recycled Matter . | . . . Retrieved Matter . | . . . Retrieved Components . | . . . Parts Scanalyzed . | . . . Part Schematics Acquired . | . . . Parts Damaged . | . . . Bothacking | -11 -10 -10 ------------ Run | Jun Mat Min Used RIF Installer . | . . . Robots Hacked . | . . . Non-combat . | . . . Combat . | . . . Robot Hacks Applied . | . . . Relay Couplers Released . | . . . Fabnet Peak Effective % . | . . . Robots Rewired . | . . . Allies Hacked . | . . . Hacks Repelled . | . . . Allies | -11 -10 -10 -------- Run | Jun Mat Min Total Allies . | . . . Largest Group . | . . . Highest-Rated Group . | . . . Highest-Rated Ally . | . . . Total Orders . | . . . Ally Attacks . | . . . Total Damage . | . . . Kills . | . . . Allies Corrupted . | . . . Allies Melted . | . . . Intel | -11 -10 -10 ------- Run | Jun Mat Min Robot Analysis Total 2 | . 2 . Derelict Logs Recovered 2 | . . 2 Drone Launches . | . . . Drone Recoveries . | . . . Exploration | -11 -10 -10 ------------- Run | Jun Mat Min Turns Passed 2202 | 44 1727 431 Spaces Moved 991 | 16 812 163 Core . | . . . Treads 542 | . 379 163 Legs 449 | 16 433 . Wheels . | . . . Hover . | . . . Flight . | . . . Fastest Speed 120 | 120 120 160 Average Speed 184 | 120 175 236 Slowest Speed 240 | 120 190 240 Overloaded Moves . | . . . Propulsion Burnouts . | . . . Robots Hopped . | . . . Cave-ins Triggered . | . . . Exploration Rate (%) 45 | 3 96 36 Regions Visited 2 Branch Regions 1 Pre-discovered Areas 2 | . . 2 Known Exits Taken . | . . . Unknown Exits Taken 2 | 1 1 . Scrap Searched . | . . . Spaces Dug . | . . . Terrain Destroyed 50 | . 50 . Melee . | . . . Projectile . | . . . AOE 50 | . 50 . Terrain Rammed . | . . . Walls Destroyed . | . . . Machines Disabled . | . . . Actions | -11 -10 -10 --------- Run | Jun Mat Min Total 1197 | 25 982 190 Wait 27 | . 27 . Move 989 | 15 811 163 Hop . | . . . Pick Up 39 | . 26 13 Fast Attach 6 | . 5 1 Attach 9 | . 9 . Detach 2 | . 2 . Swap 7 | . 4 3 Drop 17 | 1 15 1 Fire 101 | 9 83 9 Melee . | . . . Ram . | . . . Kick . | . . . Crush . | . . . Escape Stasis . | . . . Rewire . | . . . Trap . | . . . Miscellaneous . | . . . Route ------- -11/Junkyard -10/Materials (discovered 4 exits: [*Mat x3] / [*Min]) -10/Mines (discovered 3 exits: [*Mat x2] / [*Sub]) History --------- Turn | Location | Event 10 | -11/Junkyard | Discovered new exit (range 3) 45 | -11/Junkyard | Entered Materials 301 | -10/Materials | Build established: Mutant 366 | -10/Materials | Discovered new exit (range 16) 1018 | -10/Materials | Core integrity fell below 50% 1044 | -10/Materials | Lost 4 parts (1p1n2w) 1055 | -10/Materials | Central database locked down 1290 | -10/Materials | Discovered new exit (range 14) 1403 | -10/Materials | Discovered new exit (range 13) 1613 | -10/Materials | Discovered new exit (range 8) 1772 | -10/Materials | Entered Mines 1773 | -10/Mines | Assembled infested the area 1778 | -10/Mines | Assisted by a Guerilla fighting off Assembled 1847 | -10/Mines | Discovered new exit (range 10) 1885 | -10/Mines | Learned location of Storage (-9) 2119 | -10/Mines | Discovered new exit (range 12) 2194 | -10/Mines | Core integrity fell below 20% 2195 | -10/Mines | Discovered new exit (range 8) 2196 | -10/Mines | Met a Derelict testing a Signal Generator 2203 | -10/Mines | Destroyed by D-53 Grenadier with Mini Grenade Launcher Last Messages --------------- 02195_ EXIT=FOUND 02196_ A derelict emerges from the shadows: "Quiet! I'm testing a new device we can use to divert those annoying Unaware when we need to." 02197_ Lgt. Ion Engine destroyed. 02197_ 9G-TNJ(g) destroyed. 02198_ The unstable cave ceiling collapses. 02201_ Hvy. EM Pulse Gun destroyed. 02201_ Lgt. Treads destroyed. 02203_ Signal Generator broadcasts a burst of procedurally generated transmissions. 02203_ ALERT: Intercepting significant anomalous signal. Dispatching assault force. 02203_ C-30 ARC: "LOCATED POTENTIAL SOURCE OF ANOMALOUS SIGNAL. NEUTRALIZING." 02203_ C-30 ARC bursts open, deploying its payload. 02203_ G-47 Trooper unfolds itself. 02203_ G-34 Mercenary unfolds itself. 02203_ M-13 Machinist unfolds itself. 02203_ Critical hit (Burn: +37). 02203_ Lgt. Treads destroyed. Map ----- +----------------------------------------------------+ | | | | | | | | | | | | | | | | | | | | | | | | | | | | | ??????????????????????????????????????????? | | ?????????????????????########?????????????? | | ????????????????????## ## ##????????????? | | ?????????????????#### < #????????????? | | ????????????????## #????????????? | | ????????????????# ##???????????? | | ????????????????# ## #???????????? | | ????????????????#### # #???????????? | | ???????????# ##### # ##???????????? | | ???????????# # #????????????? | | ????????????# g % ###??????????? | | ?????????????# gg @ #??????????? | | ?????????????## g & ## #??????????? | | ??????????????##m # #??????????? | | ???????????????## ## # #??????????? | | ????????????????## ##?## d ## #??????????? | | ?????????????????#%????## #### ##?????????? | | ?????????????????#????### #?????????? | | ?????????????????????## #?????????? | | ?????????????????#??## ### #?????????? | | ?????????????????# ## #?# #?????????? | | ???????????????### # ## ????????? | | ???????????????# % ### """???????? | | ???????????????# ### ##?# """ "?????? | | ???????????????????# #??# """ "?????? | | ???????????????????# ##?# ??????? | | ???????????????????## ### ???????? | | ????????????????????# ## ???????? | | ????????????????????# ########????????? | | ????????????????????# ##???????????????? | | ????????????????????## % ##???????????????? | | ?????????????????????## ##??????????????? | | ?????????????????????## #??????????????? | | ????????????????????## #??????????????? | | ???????????????????## ##??????????????? | | ???????????????????# #???????????????? | +----------------------------------------------------+ Best States ------------- Heat Dissipation 35 Energy Generation 10 Energy Capacity 250 Matter Stores 300 Matter Capacity 300 Sight Range 16 Terrain Scan Range 14 Terrain Scan Density 10 Evasion (%) 55 Recoil Reduction 2 Item Schematics ----------------- None Robot Schematics ------------------ None Fabricated ------------ Nothing Alien Tech Used ----------------- None Achievements -------------- None Challenges ------------ None Game ------ Seed NavigationMachineSheargun Manual? 0 Play Time 00:27:27 Cumulative 216.7 hours Start 2023.12.16 @ 17:33:11 End 2023.12.16 @ 17:59:18 Sessions 1 Manual Loads 0 Difficulty Rogue Special Mode None Game No. 127 Rogue 127 Adventurer 0 Explorer 0 Win Type - Total 5 Types 3/0/2/0/0/0/0/0/0 Lore% 55 Gallery% 57 Achievement% 53 Wizard Run 0 Options --------- ASCII 0 Keyboard 0 Movement Mouse Keybinds 0 Fullscreen 1 Font 18/SmallcapsGlow Map View 76x50 Tactical HUD 1 Map Filters NONE Filters NONE Steam 1 RUN: 4ba46813-9fdc-4233-b2d7-1f2806c12485